 Dungeon Crawl Stone Soup version 0.28-a0-382-g33c4956463 (webtiles) character file.

Game seed: 9876665755167473861

198 Malachi the Slasher (level 5, -1/46 HPs)
             Began as a Minotaur Fighter on Sept 2, 2021.
             Slain by an orc (3 damage)
             ... on level 4 of the Dungeon.
             The game lasted 00:03:27 (2855 turns).

Malachi the Slasher (Minotaur Fighter)              Turns: 2855, Time: 00:03:27

Health: -1/46      AC:  7    Str: 21    XL:     5   Next: 47%
Magic:  4/4        EV:  7    Int:  5    God:
Gold:   105        SH:  4    Dex: 10    Spells: 4/4 levels left

rFire   . . .      SeeInvis .   a - +0 long sword
rCold   . . .      Faith    .   c - +0 buckler
rNeg    . . .      Spirit   .   b - +0 scale mail
rPois   .          Reflect  .   (helmet restricted)
rElec   .          Harm     .   (no cloak)
rCorr   .          Rampage  .   (no gloves)
Will    .....                   (no boots)
Stlth   ..........              (no amulet)
HPRegen 0.15/turn               (no ring)
MPRegen 0.09/turn               (no ring)

@: constricted
A: horns 2, retaliatory headbutt
a: no special abilities


You were on level 4 of the Dungeon.
You visited 1 branch of the dungeon, and saw 4 of its levels.

You collected 105 gold pieces.

Inventory:

Hand Weapons
 a - a +0 long sword (weapon)
Armour
 b - a +0 scale mail (worn)
 c - a +0 buckler (worn)
Wands
 j - a wand of digging (7)
Scrolls
 e - a scroll of enchant weapon {unknown}
 g - a scroll of teleportation {unknown}
 h - a scroll of acquirement {unknown}
 k - a scroll of noise {unknown}
 l - a scroll of immolation {unknown}
 m - 2 scrolls of identify {unknown}
 o - a scroll of fear {unknown}
Potions
 d - a potion of might
 f - a potion of heal wounds {unknown}
 i - a potion of magic {unknown}
 n - 2 potions of attraction {unknown}


   Skills:
 + Level 4.2 Fighting
 * Level 5.2 Long Blades
 + Level 5.0 Armour
 + Level 0.5 Dodging
 + Level 4.0 Shields


You had 4 spell levels left.
You didn't know any spells.
Your spell library contained the following spells:

 Spells                   Type           Power      Damage    Failure   Level
 Foxfire                  Conj/Fire      0%         2x1d4     80%         1
 Shock                    Conj/Air       0%         1d3       80%         1
 Conjure Flame            Conj/Fire      0%         6-21      99%         3
 Inner Flame              Hex/Fire       0%         N/A       99%         3
 Ozocubu's Armour         Ice            0%         N/A       99%         3
 Swiftness                Air            0%         N/A       99%         3
 Airstrike                Air            0%         N/A       100%        4
 Ozocubu's Refrigeration  Ice            0%         4d5       100%        7


Dungeon Overview and Level Annotations

Branches:
Dungeon (4/15)
 Temple: D:4-7

Altars:

Annotations:
D:3 1 runed translucent door, Colgate's ghost, amateur DrWr


Innate Abilities, Weirdness & Mutations

You have a pair of horns on your head.
You reflexively headbutt those who attack you in melee.


Message History

The ball python constricts you. You block the ufetubus's attack.
The ufetubus barely misses you.
The orc hits you from afar with a +0 trident.
A centaur comes into view.
You block the orc's attack.
The ball python bites you but does no damage.
The ball python constricts you.
The ball python's grasp on you weakens, but your attempt to escape fails.
The centaur shouts!
The ufetubus completely misses you.
The ufetubus hits you but does no damage.
The centaur wields a +0 shortbow.
The centaur shoots an arrow.
The arrow hits you.
The orc hits you from afar with a +0 trident.
A hound zombie comes into view.
The orc hits you but does no damage. You block the ball python's attack.
The ball python constricts you. The ufetubus hits you. x2
You escape the ball python's grasp.
You block the black bear's attack.
The black bear claws you but does no damage.
The black bear closely misses you. You block the hound skeleton's attack.
The ufetubus completely misses you.
The ufetubus hits you but does no damage.
The orc hits you but does no damage. You block the goblin's attack.
The orc hits you with a +0 mace. You block the ball python's attack.
The ball python grabs you.
You stop ascending the stairs.
The ball python constricts you.
* * * LOW HITPOINT WARNING * * *
Unknown command.
The ball python's grasp on you weakens, but your attempt to escape fails.
The ufetubus hits you.
* * * LOW HITPOINT WARNING * * *
The ufetubus barely misses you. The hound skeleton bites you.
* * * LOW HITPOINT WARNING * * *
The black bear bites you.
* * * LOW HITPOINT WARNING * * *
The black bear claws you but does no damage. x2
The orc barely misses you. The goblin hits you with a +0 club.
* * * LOW HITPOINT WARNING * * *
The orc hits you with a +0 mace.
You die...

..... #.....
#......
##...c...
##.....Z..
##.........
##..Sg......
#...@oo.....
#..Z5h......
#...lo.......
#.............
#.............
#......?......
#.............
#.............


You could see a black bear, a centaur, an iguana, an orc priest, 2 orcs, an
ufetubus, a hound zombie, a goblin, a ball python and a hound skeleton.

Vanquished Creatures
  Jessica (D:3)
  A hound zombie (D:3)
  A hound skeleton (D:3)
  4 gnolls (D:3)
  5 adders
  An adder zombie (D:3)
  An adder skeleton (D:3)
  2 dart slugs
  6 ball pythons
  5 bats
  4 endoplasms
  A goblin (D:3)
  5 hobgoblins
  3 jackals (D:3)
  4 quokkas
  A ball python skeleton (D:3)
  A ball python zombie (D:3)
  A frilled lizard (D:3)
  A giant cockroach zombie (D:3)
  3 kobolds
  6 rats
57 creatures vanquished.

Vanquished Creatures (others)
  5 withered plants (D:3)
5 creatures vanquished.

Grand Total: 62 creatures vanquished

Notes
Turn   | Place    | Note
-------+----------+-------------------------------------------
     0 | D:1      | Malachi the Minotaur Fighter began the quest for the Orb.
     0 | D:1      | Reached XP level 1. HP: 19/19 MP: 0/0
   223 | D:1      | Found a faded altar of an unknown god.
   395 | D:1      | Reached XP level 2. HP: 25/27 MP: 1/1
   974 | D:2      | Reached XP level 3. HP: 28/33 MP: 2/2
  1378 | D:2      | Found Deru's Distillery.
  1710 | D:3      | Reached XP level 4. HP: 39/40 MP: 3/3
  2122 | D:3      | Noticed Colgate's ghost (amateur DrWr)
  2124 | D:3      | Found a runed translucent door.
  2334 | D:3      | Reached XP level 5. HP: 43/46 MP: 4/4
  2571 | D:3      | Noticed Jessica
  2574 | D:3      | Killed Jessica
  2575 | D:3      | Reached skill level 5 in Long Blades
  2575 | D:3      | Reached skill level 5 in Armour
  2846 | D:4      | Noticed a black bear
  2852 | D:4      | Noticed a centaur
  2855 | D:4      | HP: 2/46 [goblin (2)]
  2855 | D:4      | Slain by an orc

Illustrated notes

Levels and vault maps discovered:
D:1:      dpeg_arrival_castle, layout_loops_ring, ebering_ecumenical_altar_rust,
          corexii_hall_statues_s
D:2:      layout_loops_ring, serial_shops, shop, serial_bayou_crossing
D:3:      layout_basic, serial_undead, serial_undead_a, serial_undead_b,
          serial_undead_c, serial_undead_c, serial_undead_d, serial_undead_e,
          hellmonk_ghost_happy_afterlife, minmay_liquid_box, st_stairs_2,
          hangedman_decor_lopped, patterned_corridor, uniq_jessica
D:4:      layout_cave_pods, xom_teletrap_fun, nemelex_spade_bored_becter

Skill      XL: |  1  2  3  4  5 |
---------------+----------------+-----
Armour         | 4 5 |  5.0
Fighting       | 4 |  4.2
Long Blades    | 3 4 5 |  5.2
Shields        | 4 |  4.0
Dodging        | |  0.5

Action                   |  1- 3 |  4- 6 || total
-------------------------+-------+-------++-------
Melee: Long sword        |    88 |    64 ||   152
       Headbutt          |     9 |    10 ||    19
Armor: Scale mail        |    48 |    38 ||    86
Dodge: Dodged            |    50 |    30 ||    80
Block: Buckler           |    21 |    21 ||    42

Table legend: (Time is in decaauts)
 A = Elapsed time spent in this place.
 B = Non-inter-level travel time spent in this place.
 C = Inter-level travel time spent in this place.
 D = Time resting spent in this place.
 E = Time spent auto-exploring this place.
 F = Levels seen in this place.
 G = Mean time per level.
                   A        B        C        D        E       F      G
               +--------+--------+--------+--------+--------+-----+--------+
         Total |   2905 |   2803 |    102 |      0 |   2374 |   4 |  726.2 |
       Dungeon |   2905 |   2803 |    102 |      0 |   2374 |   4 |  726.2 |
               +--------+--------+--------+--------+--------+-----+--------+

Top non-repeatable levels by time:
     D:3: 1277 daAuts
     D:1: 899 daAuts
     D:2: 719 daAuts
     D:4: 9 daAuts
